 Dungeon Crawl Stone Soup version 0.17-a0-1763-g847a857 (webtiles) character file.

687 Izanagi the Shield-Bearer (level 7, 0/66 HPs)
             Began as a Deep Dwarf Fighter on Sept 4, 2015.
             Killed by divine providence
             ... invoked by an orc priest
              (12 damage)
             ... on level 4 of the Dungeon.
             The game lasted 00:21:01 (3297 turns).

Izanagi the Shield-Bearer (Deep Dwarf Fighter)      Turns: 3297, Time: 00:21:01

Health: 0/66       AC:  8    Str: 27    XL:     7   Next: 35%
Magic:  7/7        EV:  8    Int:  8    God:
Gold:   109        SH: 11    Dex: 12    Spells: 0 memorised, 6 levels left

rFire  . . .     SeeInvis .     a - +0 war axe
rCold  . . .     Clarity  +     s - +0 scale mail
rNeg   . . .     SustAt   .     c - +0 shield
rPois  .         Gourm    .     (no helmet)
rElec  .         Spirit   .     (no cloak)
rCorr  .         Warding  .     y - +0 pair of gloves
rMut   .         Stasis   .     (no boots)
MR     +....                    A - amulet of clarity
Stlth  ..........               (no ring)
                                (no ring)

@: mighty, lethally poisoned (0 -> 0), non-regenerating, somewhat resistant to
hostile enchantments, extremely unstealthy
A: damage resistance, recharge devices, sense surroundings 1, slow healing 3
a: Device Recharging


You were on level 4 of the Dungeon.
You were full.

You visited 1 branch of the dungeon, and saw 4 of its levels.

You collected 109 gold pieces.

Inventory:

Hand weapons
 a - a +0 war axe (weapon)
Missiles
 o - 12 poisoned needles
 x - 5 tomahawks (quivered)
Armour
 c - a +0 shield (worn)
 s - a +0 scale mail (worn)
 y - a +0 pair of gloves (worn)
Jewellery
 l - an uncursed amulet of the gourmand
 A - an amulet of clarity (around neck)
Magical devices
 b - a wand of flame (17)
 e - a wand of heal wounds (1)
 p - a wand of enslavement (11)
Scrolls
 m - a scroll of fear
 u - a scroll of teleportation {unknown}
 v - a scroll of magic mapping {unknown}
 w - 2 scrolls of amnesia {unknown}
Potions
 d - a potion of might
 i - a potion of flight {unknown}
 k - 3 potions of curing {unknown}
 n - 2 potions of cure mutation {unknown}
 z - 2 potions of ambrosia {unknown}
Comestibles
 f - 3 bread rations
 g - 2 meat rations


   Skills:
 * Level 4.3 Fighting
 * Level 4.8 Axes
 * Level 5.1 Armour
 * Level 6.1 Shields


You had 6 spell levels left.
You didn't know any spells.

Dungeon Overview and Level Annotations

Branches:
Dungeon (4/15)
 Temple: D:4-7

Altars:
Xom


Innate Abilities, Weirdness & Mutations

You are resistant to damage.
You can recharge devices by infusing magical energy.
You passively map a small area around you.
You do not heal naturally.


Message History

The magic dart hits you!
You miss something. Something hits you but does no damage.
Something hits you but does no damage.
You slash something!
Reactivating autopickup.
You feel a bit more experienced.
Your shield and scale mail prevent you from hitting the orc.
You block the orc's attack.
You slash the orc!
You kill the orc!
You barely miss the orc. The orc hits you but does no damage.
The orc priest mumbles some strange prayers to Beogh against you.
Something smites you!
* * * LOW HITPOINT WARNING * * *
The orc hits you but does no damage.
You slash the orc!
You kill the orc!
The orc priest invokes the aid of Beogh against you.
Something smites you!
You die...

*
#............##..##.........
,.....................=...>..
* #.o..).........#.........
##.#........>.....##........
#......o............))....##
....##..o###..#.#)........##
#........# #..#....#.......#
#....#...###.........###....
#........oo@.#.....### #..##
#...#....o####.....# #...#
#...#...#..........# ###..
... #...######.....# ##. ,
....# #....## #. ..... #..###
#. ...... * *#..# * #.
......, #. ,, , ##


You could see an orc priest and 2 orcs.

Vanquished Creatures
  The ghost of Herrn the Digger, an average OpEE of Cheibriados (D:3)
  A phantom (D:4)
  An orc priest (D:3)
  4 orc wizards
  3 worker ants
  Jessica (D:3)
  An iguana (D:4)
  A hound zombie (D:4)
  6 adders
  3 oozes
  2 worms (D:2)
  6 giant geckos
  23 orcs
  2 ball pythons
  4 bats
  3 giant cockroaches
  7 goblins
  10 hobgoblins
  2 quokkas
  4 giant newts
  6 kobolds
  7 rats
98 creatures vanquished.

Notes
Turn   | Place    | Note
--------------------------------------------------------------
     0 | D:1      | Izanagi the Deep Dwarf Fighter began the quest for the Orb.
     0 | D:1      | Reached XP level 1. HP: 20/20 MP: 1/1
   213 | D:1      | Reached XP level 2. HP: 27/27 MP: 2/2
   805 | D:1      | Reached XP level 3. HP: 32/34 MP: 3/3
  1053 | D:2      | Found a shimmering altar of Xom.
  1208 | D:2      | Reached skill level 4 in Shields
  1426 | D:2      | Reached XP level 4. HP: 40/42 MP: 4/4
  1921 | D:3      | Noticed Herrn's ghost (average OpEE)
  1952 | D:3      | Killed Herrn's ghost
  1952 | D:3      | Reached skill level 5 in Shields
  1952 | D:3      | Reached XP level 5. HP: 39/49 MP: 5/5
  2016 | D:3      | Reached XP level 6. HP: 34/57 MP: 6/6
  2083 | D:3      | Noticed Jessica
  2090 | D:3      | Killed Jessica
  2992 | D:4      | Reached XP level 7. HP: 37/64 MP: 7/7
  3138 | D:4      | HP: 2/64 [phantom (3)]
  3144 | D:4      | Reached skill level 5 in Armour
  3264 | D:4      | HP: 2/64 [orc priest/divine providence (12)]
  3282 | D:4      | Reached skill level 6 in Shields
  3297 | D:4      | Killed from afar by an orc priest

Vault maps used:
D:1:      dpeg_arrival_rooms_c
D:2:      tgw_xom
D:3:      first_bread, uniq_jessica

Action                   |  1- 3 |  4- 6 |  7- 9 || total
-------------------------+-------+-------+-------++-------
Melee: War axe           |   130 |   173 |    82 ||   385
Throw: Tomahawk          |       |     2 |     6 ||     8
Evoke: Wand              |     1 |     3 |     4 ||     8
  Use: Scroll            |     3 |       |     4 ||     7
       Potion            |       |       |     2 ||     2
  Eat: Chunk             |     2 |     5 |       ||     7
       Beef jerky        |     1 |       |       ||     1
       Meat ration       |       |       |     1 ||     1
